 Dungeon Crawl Stone Soup version 0.31.0-12-g77e489cdc1 (webtiles) character file.

Game seed: 17484383924051768082

16957 Solenn the Protected (level 12, 0/113 HPs)
             Began as a Minotaur Fighter on Feb 18, 2024.
             Was an Elder of Trog.
             Slain by a very large slime creature (43 damage)
             ... summoned by an orange crystal statue
             ... on level 12 of the Dungeon.
             The game lasted 01:02:14 (8172 turns).

Solenn the Protected (Minotaur Fighter)             Turns: 8172, Time: 01:02:15

Health: 0/113      AC: 25    Str: 21    XL:     12   Next: 14%
Magic:  11/11      EV:  7    Int:  5    God:    Trog [****..]
Gold:   448        SH:  7    Dex: 16    Spells: 11/11 levels left

rFire   + . .        t - +10 morningstar "Eos" {elec, Halo rElec}
rCold   + + .        c - +0 buckler
rNeg    . . .        o - +3 plate armour {rC+}
rPois   .            (helmet restricted)
rElec   +            (no cloak)
rCorr   .            h - +0 pair of gloves
SInv    .            d - +0 pair of boots
Will    .....        (no amulet) Stlth
                     B - ring of protection from fire
HPRegen 0.38/turn    n - ring "Zimiosoa" {rC+ Dex+3}
MPRegen 0.12/turn

%: no passive effects
@: on berserk cooldown, slowed, glowing, very slow
A: horns 2, retaliatory headbutt, iridescent scales 2, weak 1
a: Renounce Religion, Berserk, Trog's Hand, Brothers in Arms


You were on level 12 of the Dungeon.
You worshipped Trog.
Trog was greatly pleased with you.
You visited 2 branches of the dungeon, and saw 13 of its levels.
You also visited: Sewer, Ossuary and Bailey.

You collected 1008 gold pieces.
You spent 560 gold pieces at shops.

Inventory:

Hand Weapons
 a - a +3 flail of venom
 t - the +10 morningstar "Eos" (weapon) {elec, Halo rElec}
   (You acquired it on level 4 of the Dungeon)

   Halo:      It grants its wielder a halo, revealing invisible creatures and
   increasing accuracy against all within it other than the wielder.
   rElec:     It insulates you from electricity.
Missiles
 p - 4 curare-tipped darts
 q - 10 poisoned darts
 r - a silver javelin
 s - a throwing net
Armour
 b - a +1 scale mail
 c - a +0 buckler (worn)
 d - a +0 pair of boots (worn)
 e - a scarf of shadows
 h - a +0 pair of gloves (worn)
 j - +0 steam dragon scales
 o - a +3 plate armour of cold resistance (worn)
 x - a +0 robe of positive energy
Magical Staves
 R - a staff of cold
Jewellery
 f - a +4 ring of slaying
 n - the ring "Zimiosoa" (right hand) {rC+ Dex+3}
   (You found it on level 3 of the Dungeon)

   [ring of protection from cold]

   Dex+3:     It affects your dexterity (+3).
   rC+:       It protects you from cold.
 y - a +6 ring of intelligence
 B - a ring of protection from fire (left hand)
 C - a ring of ice
 G - a ring of positive energy
Talismans
 m - a flux talisman
 u - a serpent talisman
 D - a beast talisman
 N - a beast talisman
Wands
 k - a wand of digging (4)
 v - a wand of polymorph (9)
 H - a wand of paralysis (1)
 Q - a wand of mindburst (5)
Scrolls
 g - 9 scrolls of identify
 w - a scroll of fear
 z - a scroll of poison
 E - a scroll of torment
 F - 4 scrolls of teleportation
 P - a scroll of enchant armour
 S - a scroll of amnesia
Potions
 i - a potion of lignification
 l - 3 potions of heal wounds (quivered)
 A - a potion of attraction
 I - 5 potions of invisibility
 J - 7 potions of might
 K - a potion of magic {unknown}
 L - 3 potions of curing
 M - 2 potions of cancellation
 O - a potion of resistance


   Skills:
 + Level 12.5 Fighting
 + Level 12.2 Maces & Flails
 + Level 12.6 Armour
 + Level 12.5 Shields


You had 11 spell levels left.
You didn't know any spells.
Your spell library contained the following spells:

 Spells                   Type           Power      Damage    Failure   Level
 Summon Blazeheart Golem  Fire/Summ      0%         N/A       100%        4
 Summon Forest            Summ/Tloc      0%         N/A       100%        5
 Summon Mana Viper        Hex/Summ       0%         N/A       100%        5
 Summon Cactus Giant      Summ           0%         N/A       100%        6
 Orb of Destruction       Conj           0%         9d5       100%        7
 Spellforged Servitor     Conj/Summ      0%         N/A       100%        7


Dungeon Overview and Level Annotations

Branches:
Dungeon (12/15)            Temple (1/1) D:4             Orc (0/2) D:9
  Sewer (visited)         Ossuary (visited)          Bailey (visited)
   Lair: D:8-11

Altars:
Ashenzari
Cheibriados
Dithmenos
Elyvilon
Fedhas
Gozag
Hepliaklqana
Kikubaaqudgha
Makhleb
Nemelex Xobeh
Okawaru
Qazlal
Ru
Sif Muna
Trog
Uskayaw
Vehumet
Wu Jian
Xom
Zin
The Shining One

Shops:
D:4 (   D:8 [

Annotations:
D:12 exclusion: orange crystal statue


Innate Abilities, Weirdness & Mutations

You have a pair of horns on your head.
You reflexively headbutt those who attack you in melee.
You are mostly covered in iridescent scales. (AC +4)
You are weak. (Str -2)


Message History

There are monsters nearby!
You feel a strong urge to attack something.
The large slime creature hits you!
* * * LOW HITPOINT WARNING * * *
You impale the large slime creature!!
The large slime creature is moderately wounded.
You sock the large slime creature! You headbutt the large slime creature!
The large slime creature is heavily wounded.
The large slime creature hits you but does no damage.
The slime creature quivers.
You impale the large slime creature!!
Lightning courses through the large slime creature!!
The large slime creature is almost dead.
You are no longer berserk.
You are exhausted.
You feel yourself slow down.
The large slime creature hits you but does no damage.
You hit the large slime creature.
The large slime creature is almost dead.
You block the large slime creature's attack.
You puncture the large slime creature! You headbutt the large slime creature.
You kill the large slime creature!
Trog accepts your kill.
You feel much better.
Two slime creatures merge to form a very large slime creature.
You bludgeon the very large slime creature!!
Lightning courses through the very large slime creature!
You headbutt the very large slime creature.
The very large slime creature is moderately wounded.
You puncture the very large slime creature!
The very large slime creature is moderately wounded.
You sock the very large slime creature!
The very large slime creature is moderately wounded.
The very large slime creature hits you but does no damage.
You puncture the very large slime creature!
Lightning courses through the very large slime creature!
You headbutt the very large slime creature!
The very large slime creature is heavily wounded.
The very large slime creature hits you!!!
You die...

#...###..#########
#...####+####....##
..................#
..................#
..................#
#
######........>...#
.# #...##.......#
.. #...##......[#
.. .....###+###@##
.# ......#
##J##.?#### .......
'.Cl.......
.#######
#.......#..
#..........
#..........
#..........
#..........
#.#........


You could see a very large slime creature (summoned), a cyclops and a basilisk
(summoned).

Vanquished Creatures
  A fire dragon (D:10)
  2 two-headed ogres (D:9)
  The ghost of TheSexyCheese the Conjurer, a novice DsFE of Vehumet (D:9)
  Pikel (D:5)
  2 lindwurms (D:11)
  A manticore (D:12)
  2 cyclopes
  A gargoyle (D:10)
  An unseen horror (D:11)
  A hornet (D:8)
  2 trolls
  4 slime creatures (D:12)
  3 shadows (D:9)
  A vampire (Bailey)
  15 yaks
  2 wyverns
  A steam dragon (D:9)
  4 vampire mosquitoes (D:10)
  3 acid dragons
  A water moccasin (D:9)
  6 orc warriors
  A black bear (D:6)
  Pargi (Sewer)
  An ogre (D:6)
  5 centaurs
  A lemure (D:5)
  3 kobold brigands
  A brain worm (Sewer)
  A bullfrog (D:7)
  A gnoll sergeant (D:8)
  3 scorpions (D:5)
  8 wights
  6 killer bees (D:10)
  8 vampire bats (Bailey)
  9 howler monkeys
  5 wolf zombies (Bailey)
  2 electric eels (D:12)
  3 hounds (D:4)
  7 orc priests
  4 bombardier beetles
  6 jellies
  4 iguanas
  A sleepcap (D:5)
  12 orc wizards
  8 mummies (Ossuary)
  6 adders
  4 gnolls (D:8)
  2 white imps
  2 ufetubi (D:6)
  2 dart slugs (D:1)
  2 ribbon worms
  41 orcs
  6 endoplasms
  7 giant cockroaches
  7 goblins
  7 hobgoblins
  5 jackals
  17 kobolds
  3 quokkas
  3 training dummies (D:4)
  9 ball pythons
  4 frilled lizards
  3 gnoll zombies (Ossuary)
  2 kobold zombies (Ossuary)
  26 orc zombies
  A quokka zombie (D:7)
  6 rats
  A rat zombie (D:7)
322 creatures vanquished.

Vanquished Creatures (collateral kills)
  2 lindwurms (D:11)
  A yak (D:10)
3 creatures vanquished.

Grand Total: 325 creatures vanquished

Notes
Turn   | Place    | Note
-------+----------+-------------------------------------------
     0 | D:1      | Solenn the Minotaur Fighter began the quest for the Orb.
     0 | D:1      | Reached XP level 1. HP: 19/19 MP: 0/0
    87 | D:1      | Reached XP level 2. HP: 27/27 MP: 1/1
   630 | D:2      | Gained mutation: Your muscles are strong. (Str +4, Int/Dex
                  | -1) [potion of mutation]
   630 | D:2      | Gained mutation: You have sharp toenails. [potion of
                  | mutation]
   630 | D:2      | Gained mutation: You are partially covered in iridescent
                  | scales. (AC +2) [potion of mutation]
   630 | D:2      | Gained mutation: You are mostly covered in iridescent
                  | scales. (AC +4) [potion of mutation]
   728 | D:2      | Reached XP level 3. HP: 33/33 MP: 2/2
  1000 | D:2      | Found a faded altar of an unknown god.
  1043 | D:2      | Prayed at the altar of an unknown god.
  1043 | D:2      | Became a worshipper of Trog the Wrathful
  1043 | D:2      | Reached * piety under Trog
  1155 | D:3      | Found a shimmering blue altar of Sif Muna.
  1156 | D:3      | Found a sparkling altar of Nemelex Xobeh.
  1156 | D:3      | Found a shimmering altar of Xom.
  1169 | D:3      | Identified the ring "Zimiosoa" {rC+ Dex+3}
  1216 | D:3      | Reached XP level 4. HP: 35/40 MP: 3/3
  1502 | D:4      | Reached XP level 5. HP: 47/47 MP: 4/4
  1520 | D:4      | Reached skill level 5 in Armour
  1537 | D:4      | Reached ** piety under Trog
  1546 | D:4      | Reached skill level 5 in Fighting
  1546 | D:4      | Reached skill level 5 in Shields
  1548 | D:4      | Found Tehe's Firing Range.
  1623 | D:4      | Found a glowing golden altar of the Shining One.
  1721 | D:4      | Noticed a wyvern
  1727 | D:4      | Killed a wyvern
  1728 | D:4      | Reached XP level 6. HP: 56/56 MP: 5/5
  1776 | D:4      | Found a staircase to the Ecumenical Temple.
  1796 | Temple   | Entered the Ecumenical Temple
  1935 | D:4      | Found a hazy altar of Hepliaklqana.
  1987 | D:4      | Found a glowing drain.
  2007 | Sewer    | Entered a sewer
  2022 | Sewer    | Noticed Pargi
  2027 | Sewer    | Killed Pargi
  2028 | Sewer    | Reached skill level 5 in Maces & Flails
  2028 | Sewer    | Reached XP level 7. HP: 33/62 MP: 6/6
  2224 | D:4      | Identified a scroll of acquirement
  2224 | D:4      | Acquired the +10 morningstar "Eos" {elec, Halo rElec}
  2224 | D:4      | Found the +10 morningstar "Eos" {elec, Halo rElec}
  2335 | D:5      | Entered Level 5 of the Dungeon
  2343 | D:5      | Noticed Pikel
  2345 | D:5      | Lost mutation: Your muscles are strong. (Str +4, Int/Dex
                  | -1) [potion of mutation]
  2345 | D:5      | Lost mutation: You have sharp toenails. [potion of
                  | mutation]
  2345 | D:5      | Lost mutation: You are mostly covered in iridescent scales.
                  | (AC +4) [potion of mutation]
  2345 | D:5      | Gained mutation: You are weak. (Str -2) [potion of
                  | mutation]
  2345 | D:5      | Gained mutation: You are mostly covered in iridescent
                  | scales. (AC +4) [potion of mutation]
  2352 | D:5      | Killed Pikel
  2353 | D:5      | Reached XP level 8. HP: 71/71 MP: 7/7
  2760 | D:5      | Reached *** piety under Trog
  3098 | D:6      | Found a glowing silver altar of Zin.
  3255 | D:6      | Found an iron altar of Okawaru.
  3733 | D:7      | Reached XP level 9. HP: 81/81 MP: 8/8
  4190 | D:7      | Found a sand-covered staircase.
  4198 | Ossuary  | Entered an ossuary
  4642 | D:7      | Reached **** piety under Trog
  5117 | D:8      | Found Zaexogh's Armour Boutique.
  5126 | D:8      | Bought a +2 plate armour of cold resistance for 560 gold
                  | pieces
  5235 | D:9      | Noticed a +0 dagger
  5235 | D:9      | Noticed a +0 short sword
  5235 | D:9      | Found a staircase to the Orcish Mines.
  5240 | D:9      | Noticed TheSexyCheese's ghost (novice DsFE)
  5248 | D:9      | Noticed a troll
  5254 | D:9      | Killed a troll
  5256 | D:9      | Noticed a two-headed ogre
  5266 | D:9      | Killed a two-headed ogre
  5267 | D:9      | Reached XP level 10. HP: 91/91 MP: 9/9
  5271 | D:9      | Noticed a +0 falchion
  5271 | D:9      | Noticed a +0 spear
  5271 | D:9      | Noticed a +0 dagger
  5272 | D:9      | Noticed a +0 short sword
  5273 | D:9      | Noticed a +0 falchion
  5277 | D:9      | Noticed a +0 spear
  5279 | D:9      | Noticed a two-headed ogre
  5282 | D:9      | Killed a two-headed ogre
  5289 | D:9      | Reached skill level 10 in Armour
  5295 | D:9      | Found a hide-covered altar of Uskayaw.
  5304 | D:9      | Reached skill level 10 in Shields
  5442 | D:9      | Reached skill level 10 in Fighting
  5540 | D:9      | Noticed a cyclops
  5542 | D:9      | Identified the amulet of Duleor {Reflect rPois MP+9 Str+2
                  | SH+5}
  5559 | D:9      | Found a transporter.
  5562 | D:9      | Found a transporter.
  5573 | D:9      | Killed a cyclops
  5577 | D:9      | Reached skill level 10 in Maces & Flails
  5582 | D:9      | Killed TheSexyCheese's ghost
  5716 | D:9      | Reached XP level 11. HP: 71/101 MP: 10/10
  6399 | D:10     | Entered Level 10 of the Dungeon
  6430 | D:10     | Noticed a fire dragon
  6440 | D:10     | Killed a fire dragon
  6462 | D:10     | Found a flagged portal.
  6474 | Bailey   | Entered a bailey
  6698 | Bailey   | Reached ***** piety under Trog
  7394 | D:10     | Received a gift from Trog
  7761 | D:11     | Noticed a lindwurm
  7775 | D:11     | Noticed a lindwurm
  7775 | D:11     | Noticed a lindwurm
  7793 | D:11     | Noticed a lindwurm
  7831 | D:11     | Killed a lindwurm
  7837 | D:11     | Killed a lindwurm
  7839 | D:11     | Killed a lindwurm
  7839 | D:11     | Killed a lindwurm
  8095 | D:12     | Reached XP level 12. HP: 110/112 MP: 11/11
  8172 | D:12     | Slain by a very large slime creature

Illustrated notes

Levels and vault maps discovered:
D:1:      scummos_arrival_checkerplants, layout_loops_ring,
          roderic_serpentine_path, chequers_serial_rivers_micro_e
D:2:      layout_basic, chequers_ecumenical_altar_simple,
          chequers_hall_statues_corner_a, uniq_robin
D:3:      layout_rooms, chequers_temple_overflow_statue_of_worship
D:4:      layout_rooms, nicolae_tso_swordbearing_angel,
          lemuel_zombie_altar_yredelemnul, nzn_hepliaklqana_mist_gate,
          minmay_temple_entry_junction_2, portal_sewer_entry_b,
          nicolae_shop_firing_range
D:5:      layout_loops_ring, minmay_misc_feat_iff, uniq_pikel
D:6:      layout_gridville, kennysheep_mini_moat, okawaru_ov_weapons_minmay,
          skrybe_limestone_x, nicolae_kite_square_tiling_tiny
D:7:      layout_loops_corners, enter_ossuary_4, minmay_misc_feat_more_columns
D:8:      layout_rooms, serial_shops, shop
D:9:      layout_basic, nicolae_uskayaw_en_pointe, orc_0_dummy,
          nzn_ghost_randoct, corner_web_ring
D:10:     kennysheep_spiral_hall, layout_basic, enter_bailey_1
D:11:     layout_rooms, grunt_lair_entry_orc_guard_hut, minmay_lindwurm_lava
D:12:     layout_gridville, minivault_25_ag, minivault_16, kennysheep_boxes,
          uniq_frances
Temple:   hellmonk_temple_forest_ring

Skill      XL: |  1  2  3  4  5  6  7  8  9 10 11 |
---------------+----------------------------------+-----
Armour         | 4 5 6 8 9 10 12 | 12.6
Shields        | 4 5 6 7 9 10 12 | 12.5
Fighting       | 4 5 6 7 9 10 12 | 12.5
Maces & Flails | 3 4 5 6 7 9 10 12 | 12.2

Action                     |  1- 3 |  4- 6 |  7- 9 | 10-12 || total
---------------------------+-------+-------+-------+-------++-------
  Melee: Flail             |    58 |    62 |     9 |       ||   129
         Headbutt          |     5 |     8 |    19 |    69 ||   101
         Kick              |     4 |     8 |       |       ||    12
         Morningstar       |       |       |   135 |   286 ||   421
 Invoke: Berserk           |     1 |     5 |     5 |     6 ||    17
         Trog's Hand       |       |     1 |     1 |       ||     2
         Brothers in Arms  |       |       |       |     3 ||     3
    Use: Scroll            |     7 |     1 |     7 |     2 ||    17
         Potion            |     6 |     1 |     8 |     7 ||    22
 Armour: Scale mail        |    37 |    50 |    74 |       ||   161
         Plate armour      |       |       |     8 |   358 ||   366
  Dodge: Dodged            |    17 |    36 |    56 |    91 ||   200
  Block: Buckler           |     8 |    21 |    44 |   108 ||   181
